 Dungeon Crawl Stone Soup version 0.31-a0-214-gb37851dbb3 (webtiles) character file.

Game seed: 10892310015759816392

56 qw the Shooter (level 3, 0/29 HPs)
             Began as a Minotaur Hexslinger on July 1, 2023.
             Succumbed to a goblin's poison
             ... on level 2 of the Dungeon.
             The game lasted 00:00:31 (1647 turns).

qw the Shooter (Minotaur Hexslinger)                Turns: 1647, Time: 00:00:32

Health: 0/29       AC:  3    Str: 12    XL:     3   Next: 71%
Magic:  3/3        EV: 12    Int: 10    God:
Gold:   107        SH:  0    Dex: 14    Spells: 3/4 levels left

rFire   . . .        Y - +1 sling
rCold   . . .        (no shield)
rNeg    . . .        g - +0 leather armour
rPois   .            (helmet restricted)
rElec   .            (no cloak)
rCorr   .            (no gloves)
SInv    +            (no boots)
Will    .....        (no amulet)
Stlth   +            i - ring of see invisible
HPRegen 0.24/turn    (no ring)
MPRegen 0.08/turn

%: no passive effects
@: lethally poisoned (0 -> -2)
A: horns 2, retaliatory headbutt
a: no special abilities


You were on level 2 of the Dungeon.
You visited 1 branch of the dungeon, and saw 2 of its levels.

You collected 107 gold pieces.


Innate Abilities, Weirdness & Mutations

You have a pair of horns on your head.
You reflexively headbutt those who attack you in melee.


   Skills:
 - Level 2.0 Fighting
 + Level 4.3 Ranged Weapons
 - Level 2.1 Dodging
 - Level 1.0 Spellcasting
 - Level 2.0 Hexes


You had 3 spell levels left.
You knew the following spells:

 Your Spells              Type           Power      Damage    Failure   Level
a - Slow                  Hex            16%        N/A       19%         1

Your spell library contained the following spells:

 Spells                   Type           Power      Damage    Failure   Level
 Inner Flame              Hex/Fire       2%         N/A       65%         3
 Portal Projectile        Hex/Tloc       4%         N/A       65%         3
 Cause Fear               Hex            2%         N/A       88%         4

Inventory:

Hand Weapons
 Y - a +1 sling (weapon)
Armour
 c - a +0 ring mail
 d - a +0 cloak
 g - a +0 leather armour (worn)
Jewellery
 b - a ring of wizardry
 i - a ring of see invisible (left hand)
Scrolls
 a - 2 scrolls of identify
Potions
 e - a potion of berserk rage {unknown}
 f - 2 potions of curing
 h - 2 potions of brilliance {unknown}

Dungeon Overview and Level Annotations

Branches:
Dungeon (2/15)

Altars:


Message History

The goblin closely misses you. You furiously retaliate!
You headbutt the goblin. You shoot a sling bullet.
The sling bullet closely misses the goblin.
The goblin hits you but does no damage.
You are poisoned.
You shoot a sling bullet.
The sling bullet closely misses the goblin.
You feel sick. The hobgoblin hits you. The goblin hits you but does no damage.
You are more poisoned.
You shoot a sling bullet.
The sling bullet barely misses the goblin.
You feel very sick. The hobgoblin hits you. The goblin misses you.
You furiously retaliate!
You headbutt the goblin.
You kill the goblin!
You shoot a sling bullet.
The sling bullet barely misses the hobgoblin.
You feel very sick. The hobgoblin misses you. The hobgoblin closely misses you.
You shoot a sling bullet. The sling bullet hits the hobgoblin!
You kill the hobgoblin!
You feel very sick.
You shoot a sling bullet.
The sling bullet completely misses the goblin.
You feel sick.
You shoot a sling bullet.
The sling bullet closely misses the hobgoblin.
You feel sick. The goblin closely misses you. The hobgoblin hits you.
You shoot a sling bullet. The sling bullet hits the hobgoblin.
The hobgoblin is severely wounded.
You feel sick. The goblin hits you but does no damage.
The hobgoblin misses you. You furiously retaliate!
You headbutt the hobgoblin!
You kill the hobgoblin!
You shoot a sling bullet.
The sling bullet closely misses the goblin.
You feel sick. The goblin closely misses you. The hobgoblin closely misses you.
The goblin barely misses you. The hobgoblin misses you.
You shoot a sling bullet.
The sling bullet barely misses the goblin.
You die...

#.########...## #.# #.#
##.## #.# #####.#### #.#
#.# #........# #.# #.#
#.###.##.# ##+# #.#
#..##.# ##...## #..
##....# ##.....## ###
####.###.......## #..
#@##.........###..
...)..gg.'.........'....
...#..####.........###..
##### #.......## #.#
####.# ##.....## #.#
#....# ##...## #.#
#.#### ##'## #.# #.# #.#
#.. #.# #.# ###


You could see a hobgoblin and a goblin.

Vanquished Creatures
  An adder (D:2)
  A dart slug (D:1)
  3 ball pythons
  2 bats (D:1)
  4 endoplasms
  A giant cockroach (D:1)
  7 goblins
  8 hobgoblins
  A quokka (D:1)
  3 frilled lizards
  4 kobolds
  5 rats (D:1)
40 creatures vanquished.

Notes
Turn   | Place    | Note
-------+----------+-------------------------------------------
     0 | D:1      | qw the Minotaur Hexslinger began the quest for the Orb.
     0 | D:1      | Reached XP level 1. HP: 16/16 MP: 1/1
     0 | D:1      | 0 ||| qw: Version: 0.3-a-32-g5962c71
     0 | D:1      | 0 ||| qw: Game counter: 7583
     0 | D:1      | 0 ||| qw: Melee chars always use a shield: true
     0 | D:1      | 0 ||| qw: God list: Okawaru
     0 | D:1      | 0 ||| qw: Allow faded altars: false
     0 | D:1      | 0 ||| qw: Do Orc after clearing Dungeon:15 true
     0 | D:1      | 0 ||| qw: Do second Lair branch before Depths: true
     0 | D:1      | 0 ||| qw: Lair rune preference: random
     0 | D:1      | 0 ||| qw: Goals: Normal
     0 | D:1      | 0 ||| PLANNING D:1-11
    89 | D:1      | Reached skill level 3 in Ranged Weapons
   106 | D:1      | Reached XP level 2. HP: 21/23 MP: 2/2
   729 | D:1      | Found a faded altar of an unknown god.
   842 | D:1      | 842 ||| UPGRADING to +0 leather armour.
   852 | D:1      | 852 ||| DROPPING +0 robe.
   853 | D:1      | 853 ||| UPGRADING to ring of see invisible.
   854 | D:1      | 854 ||| READING 4 scrolls labelled SOWUADUQUU.
   855 | D:1      | 855 ||| READING scroll labelled UGOADUGR HOMIC.
   856 | D:1      | 856 ||| READING 3 scrolls of identify.
   856 | D:1      | 856 ||| IDENTIFYING glowing dark potion
   857 | D:1      | 857 ||| READING 2 scrolls of identify.
   857 | D:1      | 857 ||| IDENTIFYING grey potion
   858 | D:1      | 858 ||| DROPPING scroll of poison.
   859 | D:1      | 859 ||| DROPPING potion of magic.
  1117 | D:2      | Reached XP level 3. HP: 26/29 MP: 3/3
  1196 | D:2      | 1196 ||| FLEEEEING.
  1197 | D:2      | 1197 ||| FLEEEEING.
  1198 | D:2      | 1198 ||| FLEEEEING.
  1199 | D:2      | 1199 ||| FLEEEEING.
  1200 | D:2      | 1200 ||| FLEEEEING.
  1201 | D:2      | 1201 ||| FLEEEEING.
  1204 | D:2      | 1204 ||| FLEEEEING.
  1205 | D:2      | 1205 ||| FLEEEEING.
  1206 | D:2      | 1206 ||| FLEEEEING.
  1577 | D:2      | Reached skill level 4 in Ranged Weapons
  1643 | D:2      | HP: 6/29 [poisoned by a goblin]
  1645 | D:2      | HP: 2/29 [poisoned by a goblin]
  1647 | D:2      | Succumbed to a goblin's poison

Levels and vault maps discovered:
D:1:      dpeg_arrival_solitude, layout_loops_ring,
          shapermc_ecumenical_altar_hornbeckon, corexii_hall_statues_t
D:2:      layout_loops_corners, reono_crystal_passage,
          minmay_goblin_kobold_house

Skill      XL: |  1  2  3 |
---------------+----------+-----
Ranged Weapons | 3 4 |  4.3
Fighting       | 2 |  2.0
Dodging        | |  2.1
Spellcasting   | |  1.0
Hexes          | |  2.0

Action                     || total
---------------------------++-------
   Fire: Sling             ||   106
    Use: Scroll            ||     4
 Armour: Robe              ||     3
         Leather armour    ||     7
  Dodge: Dodged            ||    31

Table legend:
 A = Non-vault XP
 B = Vault XP
 C = Vault XP percentage of total XP
 D = Non-vault monster count
 E = Vault monster count
 F = Vault count percentage of total count
                 A         B        C        D         E       F
            +---------+---------+-------+---------+---------+-------
      Total |      65 |      16 |  19.8 |      32 |       8 |  20.0
            +---------+---------+-------+---------+---------+-------
        D:1 |      38 |       0 |   0.0 |      23 |       0 |   0.0
        D:2 |      27 |      16 |  37.2 |       9 |       8 |  47.1
            +---------+---------+-------+---------+---------+-------
